 Dungeon Sprint DCSS version 0.23.2-1-ga50397a6bc (webtiles) character file.

Game seed: 17987506051838935348

8060 Jannitor the Champion of Chaos (level 11, -2/145 HPs)
             Began as a Demonspawn Fighter on May 1, 2019.
             Was the Champion of Makhleb.
             Killed from afar by Taukkes the pandemonium lord (11 damage)
             ... with a bolt of lightning
             ... in the Dungeon (Sprint V: "Ziggurat Sprint").
             The game lasted 00:04:57 (647 turns).

Jannitor the Champion of Chaos (Demonspawn Fighter)  Turns: 647, Time: 00:04:57

Health: -2/145     AC: 40    Str: 33    XL:     11   Next: 4%
Magic:  21/21      EV:  2    Int:  6    God:    Makhleb [******]
Gold:   0          SH: 32    Dex: 14    Spells: 10/10 levels left

rFire    . . .     SeeInvis +   E - +14 obsidian axe {chop, +Fly SInv *Curse} (curse)
rCold    + . .     Gourm    .   G - +18 shield of the Gong {rElec rN+ MR+ EV-5}
rNeg     + . .     Faith    .   F - +15 Maxwell's patent armour {-Cast -Tele rElec MR+ rCorr}
rPois    +         Spirit   .   b - +2 hat "Binlal" {rCorr}
rElec    +         Reflect  .   V - +2 cloak {rPois}
rCorr    +         Harm     .   (no gloves)
MR       +++++     Rnd*Rage +   c - +2 pair of boots {Fly} Stlth ..........NoTele +
                                J - necklace of Bloodlust {*Rage +Rage MR++ Int-3 Slay+6 *Curse} (curse)
HPRegen  0.34/turn NoCast   +   C - +6 ring of strength
MPRegen  0.17/turn              L - ring of Esos {rC+ MR+ Str+3}

@: berserking (expiring), flying, mesmerised, very quick
A: antennae 2, rugged brown scales 1, nightstalker 2, powered by pain 1
a: Minor Destruction, Lesser Servant of Makhleb, Major Destruction, Greater
Servant of Makhleb, Renounce Religion, Evoke Berserk Rage, Stop Flying


You were in the Dungeon.
You worshipped Makhleb.
Makhleb was exalted by your worship.
You were not hungry.

You visited 1 branch

Inventory:

Hand Weapons
 a - a +0 war axe
 E - the cursed +14 obsidian axe (weapon) {chop, +Fly SInv *Curse}
   (You found it in the Dungeon)

   It inflicts extra damage upon your enemies.
   It lets you see invisible.
   It lets you fly.
   It curses itself when equipped.
   It has a curse placed upon it.
 R - a +0 broad axe of electrocution
Armour
 b - the +2 hat "Binlal" (worn) {rCorr}
   (You found it in the Dungeon)

   It provides partial protection from all sources of acid and corrosion.
 c - a +2 pair of boots of flying (worn)
 F - the +15 Maxwell's patent armour (worn) {-Cast -Tele rElec MR+ rCorr}
   (You found it in the Dungeon)

   It insulates you from electricity.
   It affects your resistance to hostile enchantments.
   It prevents spellcasting.
   It prevents most forms of teleportation.
   It provides partial protection from all sources of acid and corrosion.
 G - the +18 shield of the Gong (worn) {rElec rN+ MR+ EV-5}
   (You found it in the Dungeon)

   It affects your evasion (-5).
   It insulates you from electricity.
   It protects you from negative energy.
   It affects your resistance to hostile enchantments.
 H - +5 gold dragon scales
 V - a +2 cloak of poison resistance (worn)
Jewellery
 C - a +6 ring of strength (left hand)
 J - the cursed necklace of Bloodlust (around neck) {*Rage +Rage MR++ Int-3 Slay+6 *Curse}
   (You found it in the Dungeon)

   [amulet of rage]

   It affects your intelligence (-3).
   It affects your accuracy and damage with ranged weapons and melee attacks
   (+6).
   It affects your resistance to hostile enchantments.
   It lets you go berserk.
   It may make you go berserk in combat.
   It curses itself when equipped.
   It has a curse placed upon it.
 L - the ring of Esos (right hand) {rC+ MR+ Str+3}
   (You found it in the Dungeon)

   [ring of protection from magic]

   It affects your strength (+3).
   It protects you from cold.
   It affects your resistance to hostile enchantments.
 O - an uncursed ring of positive energy
 Q - an uncursed ring of positive energy
 S - the amulet "Ihocwufi" {Faith Int+4 Dex-5 Stlth+}
   (You found it in the Dungeon)

   [amulet of faith]

   It allows you to gain divine favour quickly.
   It affects your intelligence (+4).
   It affects your dexterity (-5).
   It makes you more stealthy.
 T - the ring "Yraelagh" {Fire MR+ Str+3}
   (You found it in the Dungeon)

   [ring of fire]

   It enhances your fire magic.
   It affects your strength (+3).
   It protects you from fire.
   It makes you vulnerable to cold.
   It affects your resistance to hostile enchantments.
 U - the amulet "Domumyal" {+Rage rElec Dex+5}
   (You found it in the Dungeon)

   [amulet of rage]

   It affects your dexterity (+5).
   It insulates you from electricity.
   It lets you go berserk.
Wands
 v - a wand of disintegration (7)
 w - a wand of iceblast (7)
 x - a wand of acid (7)
Scrolls
 k - 4 scrolls of blinking
 l - 4 scrolls of amnesia
 m - 6 scrolls of fog
 n - 5 scrolls of identify
 o - 5 scrolls of remove curse
 p - 2 scrolls of fear
Potions
 d - 6 potions of might
 e - 10 potions of curing
 g - 12 potions of heal wounds
 h - 6 potions of haste
 i - 7 potions of magic
 j - a potion of berserk rage
 q - 2 potions of brilliance
 r - 2 potions of invisibility
 s - 4 potions of resistance
 u - 6 potions of agility
Miscellaneous
 t - a sack of spiders
 I - a lightning rod (4/4)
 M - a phial of floods
 P - a lamp of fire
Comestibles
 f - 7 rations


   Skills:
 + Level 12.0 Fighting
 + Level 11.0 Axes
 + Level 11.2 Armour
 + Level 11.2 Shields
 + Level 13.4 Invocations
 + Level 8.6 Evocations


You had 10 spell levels left.
You didn't know any spells.
Your spell library contained the following spells:

 Spells                   Type           Power        Failure   Level  Hunger
 Freeze                   Ice            #...         99%         1    ##.....
 Pain                     Necr           #...         99%         1    ##.....
 Sublimation of Blood     Necr           #.........   100%        2    ###....
 Swiftness                Chrm/Air       #.......     100%        2    ###....
 Throw Flame              Conj/Fire      #.....       100%        2    ###....
 Throw Frost              Conj/Ice       #.....       100%        2    ###....
 Ozocubu's Armour         Chrm/Ice       #.......     100%        3    ####...
 Cause Fear               Hex            #.........   100%        4    #####..
 Summon Ice Beast         Ice/Summ       #.......     100%        4    #####..
 Throw Icicle             Conj/Ice       #.......     100%        4    #####..
 Bolt of Magma            Conj/Fire/Erth #.........   100%        5    ######.
 Silence                  Hex/Air        #.........   100%        5    ######.
 Yara's Violent Unravell  Hex/Tmut       #.........   100%        5    ######.
 Deflect Missiles         Chrm/Air       #.........   100%        6    #######
 Statue Form              Tmut/Erth      #........    100%        6    #######
 Ring of Flames           Chrm/Fire      #.........   100%        7    #######
 Discord                  Hex            #.........   100%        8    #######


Dungeon Overview and Level Annotations

Branches:
Dungeon (1/1)

Altars:
Ashenzari
Cheibriados
Dithmenos
Elyvilon
Fedhas
Gozag
Hepliaklqana
Kikubaaqudgha
Makhleb
Nemelex Xobeh
Okawaru
Qazlal
Ru
Sif Muna
Trog
Uskayaw
Vehumet
Wu Jian
Xom
Yredelemnul
Zin
The Shining One
Beogh
Jiyva
Lugonu


Innate Abilities, Weirdness & Mutations

You have a pair of antennae on your head.
You are partially covered in rugged brown scales. (AC +1, +3% HP)
You are significantly more attuned to the shadows.
You sometimes gain a little power by taking damage.


Message History

* * * LOW HITPOINT WARNING * * *
You block the orange demon's attack.
GONNNNG!
The gelid black sun mumbles some strange prayers to Kikubaaqudgha.
The goblin begins absorbing vital energies!
Feishriopp begins absorbing vital energies!
The hellion begins absorbing vital energies!
The red devil begins absorbing vital energies!
The green death begins absorbing vital energies!
Gionede begins absorbing vital energies!
Taukkes begins absorbing vital energies!
The red devil begins absorbing vital energies!
The gelid black sun begins absorbing vital energies!
The smoke demon begins absorbing vital energies!
You block the hellion's attack.
GONNNNG!
Your hellwing hits the hellion. x2
Taukkes gestures at you. The bolt of lightning hits you! You resist.
You die...

▓▓▓▓▓▓▓▓▓▓▓▓
▓...8©8...▓.
▓..""}.)..▓.
▓..}=[:)..▓....)[)..▓.
▓....42...▓.........▓.
▓..§§§{§§.▓.........▓.
▓..443g4{.▓.........▓.
▓..§&&62{.▓.........▓.
▓..▓2@&▓..▓.........▓.
▓..§§4§§..▓.▓.....▓.▓.
▓..§§§3§..▓....©....▓▓
▓▓▓▓▓▓▓▓▓▓▓▓▓▓▓▓▓▓▓▓▓


{{{{{{{{ You could see Feishriopp, Gionede (invisible), Taukkes, a green death,
a gelid black sun, an orange demon, a smoke demon, a hellion, 2 red devils, a
goblin, a friendly soul eater and a friendly hellwing.

Vanquished Creatures
  A deep elf knight (D)
  A flayed ghost (D)
  A spriggan druid (D)
  4 deep elf magi (D)
  A yaktaur (D)
  A tormentor (D)
  An ancient zyme (D)
  4 merfolk (D)
  2 raiju (D)
  2 spriggans (D)
  A wraith (D)
  A flying skull (D)
  A hell hound (D)
  2 floating eyes (D)
  A necrophage (D)
  4 black bears (D)
  5 wolves (D)
  3 centaurs (D)
  4 wights (D)
  2 jellies (D)
  3 mummies (D)
  A white imp (D)
  An ufetubus (D)
  2 adder zombies (D)
  2 bat skeletons (D)
51 creatures vanquished.

Vanquished Creatures (collateral kills)
  A dancing weapon (D)
  A hornet (D)
  A shadow (D)
  A spriggan (D)
  A ynoxinul (D)
  A flying skull (D)
  An eye of draining (D)
  A wolf (D)
  A quasit (D)
  A jelly (D)
  An adder skeleton (D)
  A bat zombie (D)
  A giant cockroach zombie (D)
  A jackal zombie (D)
  A quokka zombie (D)
15 creatures vanquished.

Grand Total: 66 creatures vanquished

Notes
Turn   | Place    | Note
-------+----------+-------------------------------------------
     0 | D        | Found the +6 Majin-Bo {vamp, Archmagi MP+6 Int+6}
     0 | D        | Found the +7 great mace "Firestarter" {inner flame, rF++}
     0 | D        | Jannitor the Demonspawn Fighter began the quest for the
                  | Orb.
     0 | D        | Reached XP level 1. HP: 18/18 MP: 1/1
     0 | D        | Found a blossoming altar of Fedhas.
     2 | D        | Found a viscous altar of Jiyva.
     2 | D        | Found a transporter.
     2 | D        | Found a hazy altar of Hepliaklqana.
     2 | D        | Found an ancient bone altar of Kikubaaqudgha.
     2 | D        | Found an opulent altar of Gozag.
     2 | D        | Found a corrupted altar of Lugonu.
     3 | D        | Found a burning altar of Makhleb.
     4 | D        | Found a stormy altar of Qazlal.
     4 | D        | Found a sacrificial altar of Ru.
     4 | D        | Found an iron altar of Okawaru.
     4 | D        | Found a deep blue altar of Sif Muna.
     4 | D        | Found a sparkling altar of Nemelex Xobeh.
     4 | D        | Found a bloodstained altar of Trog.
    26 | D        | Found the +6 shillelagh "Devastator" {shatter}
    26 | D        | Found the +11 plutonium sword {*Contam Stlth-}
    26 | D        | Found the +8 lance "Wyrmbane" {slay drac, rPois rF+ rC+
                  | AC+3}
    26 | D        | Found the +9 sword of Zonguldrok {reap}
    26 | D        | Found the cursed +13 scythe of Curses {drain, *Curse}
    26 | D        | Found the +0 sword of Power
    26 | D        | Found the +7 mace of Variability {chain chaos}
    26 | D        | Found the +7 Singing Sword {slice, sonic wave}
    26 | D        | Found the +7 longbow "Piercer" {penet, EV-2}
    27 | D        | Found the +9 heavy crossbow "Sniper" {velocity, Acc+∞ SInv}
    27 | D        | Found the +10 dark maul {crush}
    27 | D        | Found the +15 Maxwell's patent armour {-Cast -Tele rElec
                  | MR+ rCorr}
    27 | D        | Found the +18 shield of the Gong {rElec rN+ MR+ EV-5}
    27 | D        | Found the cursed +14 obsidian axe {chop, +Fly SInv *Curse}
    59 | D        | Became a worshipper of Makhleb the Destroyer
    94 | D        | Gained mutation: You are slightly more attuned to the
                  | shadows. [demonic ancestry]
    94 | D        | Reached XP level 2. HP: 26/26 MP: 2/2
    98 | D        | Entered arena 2.
    98 | D        | Noticed a wight
    98 | D        | Noticed a wight
    98 | D        | Found a transporter.
   100 | D        | Killed a wight
   100 | D        | Reached skill level 5 in Fighting
   100 | D        | Gained mutation: You sometimes gain a little power by
                  | taking damage. [demonic ancestry]
   100 | D        | Reached XP level 3. HP: 33/33 MP: 3/3
   101 | D        | Reached skill level 5 in Armour
   101 | D        | Reached skill level 5 in Shields
   101 | D        | Reached XP level 4. HP: 40/40 MP: 4/4
   108 | D        | Entered arena 3.
   108 | D        | Found a transporter.
   111 | D        | Reached * piety under Makhleb
   111 | D        | Reached skill level 1 in Invocations
   112 | D        | Reached skill level 5 in Axes
   114 | D        | Reached ** piety under Makhleb
   114 | D        | Reached skill level 2 in Invocations
   123 | D        | Entered arena 4.
   123 | D        | Noticed a merfolk
   123 | D        | Noticed a merfolk
   123 | D        | Noticed a merfolk
   123 | D        | Noticed a merfolk
   123 | D        | Found a transporter.
   124 | D        | Found the cursed necklace of Bloodlust {*Rage +Rage MR++
                  | Int-3 Slay+6 *Curse}
   129 | D        | Killed a merfolk
   129 | D        | Reached skill level 5 in Invocations
   129 | D        | Reached XP level 5. HP: 29/48 MP: 5/9
   129 | D        | Reached XP level 6. HP: 33/55 MP: 5/10
   134 | D        | Killed a merfolk
   134 | D        | Reached skill level 6 in Invocations
   134 | D        | Gained mutation: You have a pair of small antennae on your
                  | head. [demonic ancestry]
   134 | D        | Reached XP level 7. HP: 58/62 MP: 5/12
   138 | D        | Killed a merfolk
   138 | D        | Reached skill level 7 in Invocations
   139 | D        | Killed a merfolk
   139 | D        | Reached *** piety under Makhleb
   139 | D        | Reached skill level 8 in Invocations
   139 | D        | Gained mutation: You are partially covered in rugged brown
                  | scales. (AC +1, +3% HP) [demonic ancestry]
   139 | D        | Reached XP level 8. HP: 72/72 MP: 6/14
   187 | D        | Entered arena 5.
   187 | D        | Noticed a yaktaur
   187 | D        | Found a transporter.
   192 | D        | Reached skill level 1 in Evocations
   192 | D        | Reached skill level 9 in Invocations
   195 | D        | Killed a yaktaur
   195 | D        | Reached **** piety under Makhleb
   366 | D        | Got Ybruli's Papyrus of the Twelve Dreams
   368 | D        | Entered arena 6.
   368 | D        | Found a transporter.
   372 | D        | Reached skill level 10 in Invocations
   374 | D        | Reached ***** piety under Makhleb
   386 | D        | Got the ring of Esos {rC+ MR+ Str+3}
   395 | D        | Entered arena 7.
   395 | D        | Noticed a deep elf knight
   395 | D        | Noticed a deep elf mage
   395 | D        | Noticed a deep elf mage
   395 | D        | Noticed a deep elf mage
   395 | D        | Noticed a +0 battleaxe of flaming
   396 | D        | Noticed a deep elf mage
   397 | D        | Found a transporter.
   399 | D        | Killed a deep elf mage
   399 | D        | Reached skill level 10 in Fighting
   399 | D        | Gained mutation: You are significantly more attuned to the
                  | shadows. [demonic ancestry]
   399 | D        | Reached XP level 9. HP: 80/80 MP: 16/16
   402 | D        | Killed a deep elf mage
   402 | D        | Reached skill level 5 in Evocations
   402 | D        | Killed a deep elf mage
   402 | D        | Reached skill level 11 in Invocations
   402 | D        | Killed a deep elf knight
   403 | D        | Killed a +0 battleaxe of flaming
   403 | D        | Reached skill level 10 in Armour
   403 | D        | Reached skill level 10 in Shields
   403 | D        | Reached XP level 10. HP: 88/88 MP: 16/18
   406 | D        | Killed a deep elf mage
   406 | D        | Reached skill level 10 in Axes
   406 | D        | Reached skill level 12 in Invocations
   410 | D        | Got the amulet of Jowainal {Acrobat rF+ Str+2 Dex-4}
   417 | D        | Got the Collected Works on Heat and Sinister Rituals
   422 | D        | Entered arena 8.
   425 | D        | Found a transporter.
   427 | D        | Reached ****** piety under Makhleb
   428 | D        | Paralysed by a floating eye for 2 turns
   440 | D        | Entered arena 9.
   454 | D        | Found a transporter.
   458 | D        | Got the amulet "Ihocwufi" {Faith Int+4 Dex-5 Stlth+}
   524 | D        | Entered arena 10.
   527 | D        | Found a transporter.
   537 | D        | Got the ring "Yraelagh" {Fire MR+ Str+3}
   539 | D        | Got the amulet "Domumyal" {+Rage rElec Dex+5}
   546 | D        | Entered arena 11.
   547 | D        | Noticed a spriggan druid
   547 | D        | Noticed a spriggan rider
   548 | D        | Identified the +6 arbalest of Bodily Humours {velocity, rN+
                  | Stlth+}
   553 | D        | Killed a spriggan druid
   557 | D        | Reached skill level 13 in Invocations
   558 | D        | Found a transporter.
   581 | D        | Entered arena 12.
   585 | D        | Noticed a flayed ghost
   593 | D        | Killed a flayed ghost
   593 | D        | Gained mutation: You have a pair of antennae on your head.
                  | [demonic ancestry]
   593 | D        | Reached XP level 11. HP: 97/97 MP: 19/21
   595 | D        | Found a transporter.
   599 | D        | Got the +2 hat "Binlal" {rCorr}
   633 | D        | Entered arena 13.
   635 | D        | Noticed Taukkes the pandemonium lord
   635 | D        | Noticed a gelid black sun
   635 | D        | Noticed Gionede the pandemonium lord
   635 | D        | Noticed a green death
   636 | D        | Noticed Feishriopp the pandemonium lord
   647 | D        | Killed from afar by Taukkes the pandemonium lord

Skill      XL: |  1  2  3  4  5  6  7  8  9 10 11 |
---------------+----------------------------------+-----
Fighting       | 4 5 7 8 10 11 12 | 12.0
Axes           | 3 4 6 7 8 9 10 11 | 11.0
Armour         | 4 5 6 7 8 9 10 11 | 11.2
Shields        | 4 5 6 7 8 9 10 11 | 11.2
Invocations    | 5 6 8 10 11 13 | 13.4
Evocations     | 4 6 8 |  8.6

Action                   |  1- 3 |  4- 6 |  7- 9 | 10-12 || total
-------------------------+-------+-------+-------+-------++-------
Melee: Broad axe         |     2 |    12 |    20 |    44 ||    78
  Use: Potion            |     1 |     1 |       |     3 ||     5
       Scroll            |       |       |       |     1 ||     1
Armor: Plate armour      |     1 |     6 |    10 |    22 ||    39
Dodge: Dodged            |       |       |     1 |     5 ||     6
Block: Shield            |     1 |    26 |    39 |    79 ||   145
